 Dungeon Crawl Stone Soup version 0.30-a0-636-g200c5c4a83 (webtiles) character file.

Game seed: 667854408918840787

517 CrazyBamboolord the Gusty (level 7, -1/36 HPs)
             Began as a Tengu Air Elementalist on Jan 15, 2023.
             Killed by their own static electricity (4 damage)
             ... on level 5 of the Dungeon.
             The game lasted 00:06:08 (4267 turns).

CrazyBamboolord the Gusty (Tengu Air Elementalist)  Turns: 4267, Time: 00:06:09

Health: -1/36      AC:  2    Str:  8    XL:     7   Next: 20%
Magic:  8/14       EV: 15    Int: 18    God:
Gold:   146        SH:  0    Dex: 14    Spells: 7/14 levels left

rFire   . . .      SeeInvis .    c - +2 dagger (venom)
rCold   . . .      Faith    .    (no shield)
rNeg    . . .      Spirit   .    a - +0 robe
rPois   .          Reflect  .    (helmet restricted)
rElec   .          Harm     .    (no cloak)
rCorr   .          Rampage  .    (no gloves)
Will    .....                    (boots unavailable)
Stlth   ++                       (no amulet)
HPRegen 0.26/turn                (no ring)
MPRegen 0.14/turn                (no ring)

@: flying quickly and evasively, quick
A: beak, talons 3, nimble flight
a: no special abilities


You were on level 5 of the Dungeon.
You visited 1 branch of the dungeon, and saw 5 of its levels.

You collected 146 gold pieces.

Inventory:

Hand Weapons
 c - a +2 dagger of venom (weapon)
Missiles
 s - a throwing net
Armour
 a - a +0 robe (worn)
Scrolls
 e - a scroll of poison
 i - a scroll of identify
 j - a scroll of magic mapping
 n - 3 scrolls of fog {unknown}
 q - 2 scrolls of teleportation {unknown}
 r - a scroll of blinking {unknown}
Potions
 b - a potion of magic
 d - 2 potions of lignification
 f - a potion of mutation
 g - a potion of ambrosia {unknown}
 h - 2 potions of haste {unknown}
 k - a potion of might {unknown}
 l - a potion of degeneration {unknown}
 m - 2 potions of curing {unknown}
 o - 2 potions of brilliance {unknown}
 p - a potion of attraction {unknown}


   Skills:
 * Level 3.1 Dodging
 + Level 2.1 Stealth
 * Level 4.2 Spellcasting
 * Level 4.6 Conjurations
 * Level 7.1 Air Magic


You had 7 spell levels left.
You knew the following spells:

 Your Spells              Type           Power      Damage    Failure   Level
a - Shock                 Conj/Air       96%        1d9       1%          1
b - Static Discharge      Conj/Air       48%        2-4/arc   1%          2
c - Airstrike             Air            14%        2d(3-19)  8%          4

Your spell library contained the following spells:

 Spells                   Type           Power      Damage    Failure   Level
 Swiftness                Air            29%        N/A       2%          3
 Poisonous Vapours        Pois/Air       32%        N/A       4%          2
 Kiss of Death            Conj/Necr      48%        2d9       5%          1
 Cigotuvi's Dreadful Rot  Necr/Pois/Air  24%        N/A       9%          2
 Mephitic Cloud           Conj/Pois/Air  17%        N/A       9%          3
 Kindle Blastsparks       Fire/Tloc/Air  24%        2d12      17%         3
 Confusing Touch          Hex            3%         N/A       41%         3
 Ignite Poison            Fire/Tmut/Pois 3%         N/A       41%         3
 Freezing Cloud           Conj/Ice/Air   8%         6-21      63%         5
 Dispel Undead            Necr           3%         3d7       82%         4
 Chain Lightning          Conj/Air       12%        3d16      100%        9
 Fire Storm               Conj/Fire      6%         8d2       100%        9
 Shatter                  Erth           1%         3d6*      100%        9


Dungeon Overview and Level Annotations

Branches:
Dungeon (5/15)
 Temple: D:4-7

Altars:
Ashenzari
Nemelex Xobeh


Innate Abilities, Weirdness & Mutations

You have a beak for a mouth.
You have claws for feet.
Your magical nature lets you fly swiftly and evasively.


Message History

Pain shoots through your body!
The orc priest calls upon Beogh to heal the orc priest.
The orc priest's wounds heal themselves!
The orc priest mumbles some strange prayers to Beogh against you.
Beogh smites you!
* * * LOW HITPOINT WARNING * * *
Casting: Shock (safe; 1% risk of failure)
Confirm with . or Enter, or press ? or * to list all spells.
The orc priest is struck by an arc of lightning.
The orc priest is moderately wounded.
You are struck by an arc of lightning.
* * * LOW HITPOINT WARNING * * *
The orc priest is struck by an arc of lightning.
The orc priest is severely wounded.
The lightning grounds out.
The orc priest is struck by an arc of lightning.
The orc priest is moderately wounded.
The orc priest is struck by an arc of lightning.
The orc priest is almost dead.
You are struck by an arc of lightning.
* * * LOW HITPOINT WARNING * * *
The lightning grounds out.
The orc priest misses you.
The orc priest calls upon Beogh to heal the orc priest.
The orc priest's wounds heal themselves!
Unknown command.
Casting: Static Discharge (safe; 1% risk of failure)
Confirm with . or Enter, or press ? or * to list all spells.
The orc priest is struck by an arc of lightning.
You kill the orc priest!
You are struck by an arc of lightning.
* * * LOW HITPOINT WARNING * * *
The orc priest is struck by an arc of lightning.
The orc priest is lightly wounded.
You are struck by an arc of lightning.
* * * LOW HITPOINT WARNING * * *
The lightning grounds out.
The orc priest is struck by an arc of lightning.
The orc priest is heavily wounded.
You are struck by an arc of lightning.
You die...

# #### ...# ##.##
##..######################
###.......................
..#.............@#########
..#............)o#
..#..............#
..#.......######....o)..
............ .>)..(o..
..#.......### ##........
..#.......# #........
..#.......# #........
..#.......# #....)...


You could see an orc priest.

Vanquished Creatures
  Menkaure (D:4)
  A centaur (D:4)
  A scorpion (D:4)
  A hound (D:5)
  An orc priest (D:5)
  An iguana (D:4)
  Jessica (D:2)
  6 adders
  3 gnolls (D:5)
  A white imp (D:4)
  2 worms
  3 dart slugs
  2 orcs (D:5)
  6 endoplasms
  2 giant cockroaches
  8 hobgoblins
  2 jackals (D:2)
  2 quokkas
  7 ball pythons
  4 bats
  11 frilled lizards
  6 goblins
  8 kobolds
  5 rats
85 creatures vanquished.

Notes
Turn   | Place    | Note
-------+----------+-------------------------------------------
     0 | D:1      | CrazyBamboolord the Tengu Air Elementalist began the quest
                  | for the Orb.
     0 | D:1      | Reached XP level 1. HP: 10/10 MP: 4/4
   156 | D:1      | Reached XP level 2. HP: 15/15 MP: 0/6
   229 | D:1      | Learned a level 2 spell: Static Discharge
   344 | D:1      | Found a faded altar of an unknown god.
   596 | D:1      | Found a broken altar of Ashenzari.
   878 | D:2      | Noticed Jessica
   882 | D:2      | Killed Jessica
   883 | D:2      | Reached skill level 5 in Air Magic
   883 | D:2      | Reached XP level 3. HP: 19/19 MP: 2/8
  1139 | D:2      | Reached XP level 4. HP: 24/24 MP: 7/9
  2177 | D:3      | Learned a level 4 spell: Airstrike
  2851 | D:3      | Gained mutation: Your magical nature lets you fly swiftly
                  | and evasively. [Tengu growth]
  2851 | D:3      | Reached XP level 5. HP: 28/28 MP: 5/10
  3170 | D:4      | Noticed Menkaure
  3173 | D:4      | Killed Menkaure
  3174 | D:4      | Reached skill level 6 in Air Magic
  3174 | D:4      | Reached XP level 6. HP: 26/32 MP: 7/12
  3732 | D:4      | Found a sparkling altar of Nemelex Xobeh.
  3897 | D:4      | Reached XP level 7. HP: 25/36 MP: 4/14
  4067 | D:5      | Entered Level 5 of the Dungeon
  4071 | D:5      | Reached skill level 7 in Air Magic
  4267 | D:5      | Killed from afar by themself

Illustrated notes

Levels and vault maps discovered:
D:1:      minmay_arrival_doors, layout_rooms, basic_ecumenical_altar,
          minmay_hexomino_r4
D:2:      layout_basic, serial_curves, eino_curves_04, eino_curves_01,
          amcnicky_mini_corridor_feature, uniq_jessica
D:3:      layout_loops_corners, st_stairs_4
D:4:      layout_cave_pools, lemuel_doored_altar, uniq_menkaure
D:5:      layout_basic, minmay_temple_entry_slanted

Skill      XL: |  1  2  3  4  5  6  7 |
---------------+----------------------+-----
Conjurations   | 2 3 4 |  4.6
Air Magic      | 5 6 7 |  7.1
Spellcasting   | 3 4 |  4.2
Dodging        | 3 |  3.1
Stealth        | |  2.1

Action                   |  1- 3 |  4- 6 |  7- 9 || total
-------------------------+-------+-------+-------++-------
Melee: Unarmed           |     2 |       |       ||     2
       Kick              |     1 |       |       ||     1
       Dagger            |     2 |       |       ||     2
       Peck              |     1 |       |       ||     1
 Cast: Shock             |    61 |   115 |    17 ||   193
       Static Discharge  |       |     1 |     1 ||     2
       Airstrike         |       |     1 |       ||     1
  Use: Scroll            |       |     4 |       ||     4
Armor: Robe              |     2 |     5 |       ||     7
Dodge: Dodged            |     5 |    13 |     4 ||    22

Table legend: (Time is in decaauts)
 A = Elapsed time spent in this place.
 B = Non-inter-level travel time spent in this place.
 C = Inter-level travel time spent in this place.
 D = Time resting spent in this place.
 E = Time spent auto-exploring this place.
 F = Levels seen in this place.
 G = Mean time per level.
                   A        B        C        D        E       F      G
               +--------+--------+--------+--------+--------+-----+--------+
         Total |   4189 |   4087 |    102 |      0 |   3702 |   5 |  837.8 |
       Dungeon |   4189 |   4087 |    102 |      0 |   3702 |   5 |  837.8 |
               +--------+--------+--------+--------+--------+-----+--------+

Top non-repeatable levels by time:
     D:2: 1249 daAuts
     D:3: 1089 daAuts
     D:4: 851 daAuts
     D:1: 807 daAuts
     D:5: 190 daAuts
